General information
- name: BNet
- type: Ladder team game (AT/RT)
- host: Battle.net
- saver: PeonVillage
map: FullScaleAssault
- players: 8
- length: 27:38
- speed: Fast
- version: 1.27 W3XP
- replay type: Public
» download(160 KB)
Players
team 1 (loser)

»
iLOsEALOt.i60h3 (
teal | 21 APM | 401 actions | 18:48)
1 Priestess of the Moon
1 Trueshot Aura
1 Keeper of the Grove
1 Force of Nature
» actions
| Assign group hotkey | 3 | |
| Basic commands | 6 | |
| Build / train | 36 | |
| Enter build submenu | 13 | |
| Enter hero's abilities submenu | 3 | |
| Right click | 185 | |
| Select / deselect | 137 | |
| Use ability | 18 | |
401 total
» units
| Wisp | 18 | |
| Archer | 7 | |
| Goblin Zeppelin | 2 | |
27 total
» buildings
| Moon Well | 4 | |
| Altar of Elders | 1 | |
| Ancient of War | 1 | |
| Tree of Life | 3 | |
| Tree of Ages | 3 | |
| Tree of Eternity | 2 | |
14 total
» build order
07:53 Moon Well
07:57 Altar of Elders
09:12 Moon Well
09:14 Moon Well
09:27 Ancient of War
10:24 Tree of Life
11:07 Tree of Ages
11:08 Tree of Ages
13:40 Tree of Life
14:04 Moon Well
14:13 Tree of Eternity
14:13 Tree of Eternity
16:17 Tree of Life
IdoFLow (
red | 69 APM | 1222 actions | 17:44)
4 Archmage
2 Blizzard
2 Brilliance Aura
2 Blood Mage
1 Flame Strike
1 Siphon Mana
1 Mountain King
1 Storm Bolt
» actions
| Assign group hotkey | 30 | |
| Basic commands | 11 | |
| Build / train | 66 | |
| ESC pressed | 4 | |
| Enter build submenu | 33 | |
| Enter hero's abilities submenu | 8 | |
| Remove unit from queue | 1 | |
| Right click | 414 | |
| Select / deselect | 408 | |
| Select group hotkey | 162 | |
| Use ability | 85 | |
1222 total
» units
| Peasant | 14 | |
| Priest | 6 | |
| Sorceress | 4 | |
| Siege Engine | 7 | |
| Goblin Shredder | 1 | |
32 total
» upgrades
| Lumber Harvesting | 1 | |
| Priest Training | 2 | |
| Sorceress Training | 2 | |
| Barrage | 1 | |
| Gunpowder | 1 | |
| Plating | 2 | |
9 total
» buildings
| Lumber Mill | 1 | |
| Altar of Kings | 1 | |
| Farm | 13 | |
| Scout Tower | 9 | |
| Arcane Tower | 1 | |
| Keep | 1 | |
| Arcane Vault | 1 | |
| Blacksmith | 1 | |
| Town Hall | 1 | |
| Arcane Sanctum | 2 | |
| Castle | 1 | |
| Workshop | 3 | |
| Guard Tower | 5 | |
40 total
» build order
00:16 Lumber Mill
00:21 Altar of Kings
00:24 Farm
01:09 Farm
01:47 Scout Tower
01:48 Scout Tower
02:18 Arcane Tower
02:51 Keep
03:57 Arcane Vault
04:21 Blacksmith
05:12 Town Hall
05:18 Arcane Sanctum
05:21 Arcane Sanctum
05:24 Farm
05:58 Farm
07:35 Farm
07:43 Castle
09:03 Scout Tower
09:10 Workshop
09:52 Guard Tower
09:53 Scout Tower
10:10 Workshop
11:06 Workshop
11:18 Guard Tower
11:19 Scout Tower
11:58 Farm
12:00 Farm
12:33 Guard Tower
12:40 Farm
12:41 Farm
13:35 Farm
13:52 Farm
13:56 Farm
14:19 Farm
14:23 Scout Tower
14:51 Scout Tower
16:11 Guard Tower
16:12 Scout Tower
16:52 Guard Tower
16:53 Scout Tower
» items
| Healing Salve | 1 | |
| Boots of Speed | 1 | |
| Scroll of Town Portal | 2 | |
| Periapt of Vitality | 1 | |
| Circlet of Nobility | 1 | |
6 total
giothegreat (
green | 30 APM | 830 actions | 27:37)
4 Crypt Lord
2 Carrion Beetles
2 Impale
» actions
| Basic commands | 42 | |
| Build / train | 71 | |
| Enter build submenu | 28 | |
| Enter hero's abilities submenu | 4 | |
| Remove unit from queue | 4 | |
| Right click | 398 | |
| Select / deselect | 242 | |
| Use ability | 41 | |
830 total
» units
| Acolyte | 12 | |
| Ghoul | 6 | |
| Crypt Fiend | 6 | |
| Frost Wyrm | 8 | |
| Gargoyle | 8 | |
| Priest | 6 | |
| Wisp | 5 | |
51 total
» upgrades
| Creature Attack | 3 | |
| Creature Carapace | 2 | |
| Web | 1 | |
| Freezing Breath | 1 | |
7 total
» buildings
| Altar of Darkness | 1 | |
| Ziggurat | 9 | |
| Crypt | 1 | |
| Graveyard | 1 | |
| Halls of the Dead | 1 | |
| Black Citadel | 1 | |
| Sacrificial Pit | 1 | |
| Boneyard | 2 | |
| Tree of Life | 3 | |
| Spirit Tower | 1 | |
| Town Hall | 1 | |
| Necropolis | 2 | |
24 total
» build order
00:13 Altar of Darkness
00:15 Ziggurat
00:35 Crypt
01:07 Graveyard
01:16 Ziggurat
02:48 Ziggurat
03:33 Halls of the Dead
06:30 Ziggurat
06:36 Ziggurat
07:22 Black Citadel
08:57 Ziggurat
09:00 Ziggurat
09:03 Sacrificial Pit
09:12 Ziggurat
09:16 Ziggurat
09:56 Boneyard
09:59 Boneyard
22:40 Tree of Life
23:15 Spirit Tower
25:48 Town Hall
25:54 Necropolis
26:14 Tree of Life
26:20 Tree of Life
26:52 Necropolis

»
Clown_Lotion (
blue | 49 APM | 1079 actions | 22:00)
5 Tauren Chieftain
1 War Stomp
3 Endurance Aura
1 Shockwave
3 Shadow Hunter
2 Healing Wave
1 Hex
» actions
| Assign group hotkey | 20 | |
| Build / train | 62 | |
| Enter build submenu | 32 | |
| Enter hero's abilities submenu | 8 | |
| Give item / drop item | 5 | |
| Remove unit from queue | 2 | |
| Right click | 441 | |
| Select / deselect | 233 | |
| Select group hotkey | 216 | |
| Use ability | 60 | |
1079 total
» units
| Peon | 10 | |
| Grunt | 4 | |
| Goblin Shredder | 1 | |
| Tauren | 7 | |
| Shaman | 6 | |
| Siege Engine | 4 | |
| Troll Headhunter/Berserker | 3 | |
35 total
» upgrades
| Shaman Training | 2 | |
| Pulverize | 1 | |
| Melee Weapons | 3 | |
| Spiked Barricades | 2 | |
| Armor | 1 | |
9 total
» buildings
| Altar of Storms | 1 | |
| Orc Burrow | 6 | |
| Barracks | 1 | |
| Stronghold | 1 | |
| Voodoo Lounge | 1 | |
| War Mill | 1 | |
| Fortress | 1 | |
| Spirit Lodge | 1 | |
| Great Hall | 1 | |
| Tauren Totem | 2 | |
| Watch Tower | 15 | |
31 total
» build order
00:07 Altar of Storms
00:20 Orc Burrow
00:36 Barracks
02:03 Orc Burrow
02:41 Stronghold
02:52 Voodoo Lounge
04:34 War Mill
05:06 Orc Burrow
05:26 Fortress
05:32 Spirit Lodge
06:01 Great Hall
07:52 Tauren Totem
07:59 Tauren Totem
08:34 Watch Tower
08:45 Watch Tower
10:19 Watch Tower
10:32 Watch Tower
11:22 Orc Burrow
11:25 Orc Burrow
11:26 Orc Burrow
12:01 Watch Tower
12:03 Watch Tower
12:16 Watch Tower
12:21 Watch Tower
12:23 Watch Tower
13:39 Watch Tower
13:51 Watch Tower
14:49 Watch Tower
15:03 Watch Tower
16:32 Watch Tower
16:34 Watch Tower
» items
| Healing Salve | 1 | |
| Orb of Lightning | 1 | |
| Scroll of Speed | 1 | |
| Scroll of Town Portal | 1 | |
4 total
team 2 (winner)

»
piarrrr (
yellow | 41 APM | 1124 actions | 27:37)
8 Paladin
3 Holy Light
1 Divine Shield
3 Devotion Aura
1 Resurrection
» actions
| Assign group hotkey | 21 | |
| Basic commands | 1 | |
| Build / train | 89 | |
| Enter build submenu | 24 | |
| Enter hero's abilities submenu | 8 | |
| Give item / drop item | 5 | |
| Right click | 378 | |
| Select / deselect | 309 | |
| Select group hotkey | 188 | |
| Use ability | 100 | |
1124 total
» units
| Peasant | 19 | |
| Footman | 5 | |
| Goblin Shredder | 2 | |
| Goblin Zeppelin | 2 | |
| Knight | 15 | |
| Spell Breaker | 5 | |
| Goblin Sapper | 1 | |
| Sorceress | 2 | |
| Priest | 3 | |
54 total
» upgrades
| Animal War Training | 1 | |
| Plating | 3 | |
| Swords | 3 | |
| Masonry | 1 | |
| Lumber Harvesting | 1 | |
| Priest Training | 2 | |
11 total
» buildings
| Farm | 11 | |
| Barracks | 2 | |
| Altar of Kings | 1 | |
| Keep | 1 | |
| Arcane Vault | 1 | |
| Lumber Mill | 2 | |
| Castle | 1 | |
| Blacksmith | 1 | |
| Arcane Sanctum | 1 | |
| Town Hall | 3 | |
24 total
» build order
00:36 Farm
00:54 Barracks
01:06 Altar of Kings
01:17 Farm
02:01 Farm
02:45 Keep
03:14 Arcane Vault
03:19 Lumber Mill
03:53 Lumber Mill
04:10 Farm
05:08 Castle
05:14 Farm
05:26 Blacksmith
06:23 Barracks
06:34 Arcane Sanctum
08:12 Farm
08:22 Town Hall
08:49 Farm
08:55 Farm
10:13 Town Hall
15:17 Farm
17:35 Town Hall
22:18 Farm
23:16 Farm
» items
| Scroll of Regeneration | 2 | |
| Lesser Clarity Potion | 3 | |
| Scroll of Town Portal | 2 | |
| Staff of Sanctuary | 1 | |
| Potion of Healing | 1 | |
| Scroll of Protection | 2 | |
| Potion of Mana | 1 | |
| Staff of Teleportation | 1 | |
13 total
asdfjk18 (
purple | 79 APM | 2171 actions | 27:37)
7 Death Knight
3 Death Coil
3 Unholy Aura
1 Animate Dead
5 Lich
3 Frost Nova
2 Frost Armor
» actions
| Assign group hotkey | 44 | |
| Basic commands | 48 | |
| Build / train | 83 | |
| ESC pressed | 4 | |
| Enter build submenu | 20 | |
| Enter hero's abilities submenu | 12 | |
| Give item / drop item | 4 | |
| Right click | 711 | |
| Select / deselect | 236 | |
| Select group hotkey | 905 | |
| Use ability | 103 | |
2171 total
» units
| Acolyte | 7 | |
| Ghoul | 3 | |
| Crypt Fiend | 13 | |
| Obsidian Statue | 10 | |
| Banshee | 8 | |
41 total
» upgrades
| Creature Carapace | 3 | |
| Creature Attack | 3 | |
| Destroyer Form | 1 | |
| Banshee Training | 3 | |
| Web | 1 | |
11 total
» buildings
| Ziggurat | 6 | |
| Crypt | 2 | |
| Altar of Darkness | 1 | |
| Graveyard | 1 | |
| Tomb of Relics | 2 | |
| Necropolis | 1 | |
| Halls of the Dead | 1 | |
| Nerubian Tower | 1 | |
| Spirit Tower | 2 | |
| Slaughterhouse | 1 | |
| Black Citadel | 1 | |
| Temple of the Damned | 1 | |
20 total
» build order
00:47 Ziggurat
00:48 Crypt
00:55 Altar of Darkness
01:03 Graveyard
01:17 Ziggurat
01:30 Tomb of Relics
04:18 Necropolis
05:19 Halls of the Dead
05:26 Ziggurat
06:31 Ziggurat
06:31 Ziggurat
06:39 Tomb of Relics
06:41 Nerubian Tower
07:23 Spirit Tower
07:52 Spirit Tower
07:56 Slaughterhouse
07:59 Crypt
08:53 Black Citadel
09:53 Temple of the Damned
13:34 Ziggurat
» items
| Rod of Necromancy | 1 | |
| Sacrificial Skull | 1 | |
| Potion of Healing | 2 | |
| Potion of Mana | 2 | |
| Scroll of Town Portal | 2 | |
| Orb of Corruption | 1 | |
| Scroll of Healing | 3 | |
12 total

»
gtr43 (
orange | 101 APM | 2792 actions | 27:37)
6 Goblin Tinker
3 Pocket Factory
2 Engineering Upgrade
1 Robo-Goblin
6 Dark Ranger
3 Black Arrow
2 Silence
1 Charm
5 Pandaren Brewmaster
1 Drunken Brawler
3 Breath of Fire
1 Drunken Haze
» actions
| Assign group hotkey | 35 | |
| Basic commands | 51 | |
| Build / train | 90 | |
| Enter build submenu | 20 | |
| Enter hero's abilities submenu | 17 | |
| Give item / drop item | 1 | |
| Remove unit from queue | 1 | |
| Right click | 613 | |
| Select / deselect | 267 | |
| Select group hotkey | 1651 | |
| Use ability | 46 | |
2792 total
» units
| Wisp | 24 | |
| Hippogryph | 16 | |
| Chimaera | 13 | |
| Goblin Zeppelin | 1 | |
54 total
» upgrades
| Reinforced Hides | 3 | |
| Strength of the Wild | 3 | |
| Corrosive Breath | 1 | |
7 total
» buildings
| Moon Well | 8 | |
| Ancient of Wonders | 1 | |
| Altar of Elders | 1 | |
| Hunter's Hall | 1 | |
| Tree of Ages | 1 | |
| Tree of Eternity | 1 | |
| Ancient of Wind | 2 | |
| Tree of Life | 5 | |
| Chimaera Roost | 2 | |
| Ancient of Lore | 1 | |
23 total
» build order
00:23 Moon Well
00:37 Ancient of Wonders
01:20 Moon Well
01:34 Altar of Elders
01:52 Moon Well
02:19 Hunter's Hall
03:03 Tree of Ages
04:24 Moon Well
05:24 Tree of Eternity
05:29 Moon Well
05:35 Ancient of Wind
05:57 Ancient of Wind
06:06 Moon Well
06:33 Tree of Life
07:01 Tree of Life
07:07 Moon Well
08:03 Chimaera Roost
08:05 Chimaera Roost
08:24 Moon Well
14:03 Ancient of Lore
20:12 Tree of Life
22:12 Tree of Life
23:55 Tree of Life
» items
PeonVillage (
pink | 29 APM | 797 actions | 27:38)
» actions
| Assign group hotkey | 3 | |
| Basic commands | 4 | |
| Build / train | 42 | |
| Enter build submenu | 131 | |
| Remove unit from queue | 2 | |
| Right click | 213 | |
| Select / deselect | 247 | |
| Select group hotkey | 13 | |
| Use ability | 142 | |
797 total
» units
| Peon | 27 | |
| Goblin Shredder | 1 | |
| Goblin Zeppelin | 1 | |
| Goblin Sapper | 5 | |
34 total
» upgrades
| Reinforced Defenses | 1 | |
| Spiked Barricades | 3 | |
4 total
» buildings
| Orc Burrow | 2 | |
| War Mill | 3 | |
| Watch Tower | 118 | |
| Stronghold | 1 | |
| Altar of Storms | 1 | |
| Fortress | 1 | |
| Great Hall | 2 | |
128 total
» build order
00:41 Orc Burrow
01:10 War Mill
02:46 Watch Tower
02:48 Watch Tower
03:02 Watch Tower
03:06 Watch Tower
03:09 Watch Tower
03:10 Watch Tower
04:23 Stronghold
04:57 Orc Burrow
06:15 Watch Tower
06:17 Watch Tower
06:21 Watch Tower
06:49 Altar of Storms
07:27 Watch Tower
07:34 Watch Tower
07:36 Watch Tower
08:00 Fortress
08:08 Watch Tower
08:10 Watch Tower
08:13 Watch Tower
08:22 Watch Tower
08:24 Watch Tower
08:28 Watch Tower
08:33 Watch Tower
08:54 Watch Tower
08:58 Watch Tower
09:02 Watch Tower
09:59 Great Hall
10:02 Watch Tower
10:03 Watch Tower
10:22 Great Hall
10:26 Watch Tower
10:27 Watch Tower
10:28 Watch Tower
10:29 Watch Tower
10:30 Watch Tower
10:49 War Mill
11:17 Watch Tower
11:18 Watch Tower
11:20 Watch Tower
11:22 Watch Tower
11:23 Watch Tower
11:25 Watch Tower
11:37 Watch Tower
11:42 Watch Tower
12:30 Watch Tower
12:31 Watch Tower
12:35 Watch Tower
12:39 Watch Tower
12:45 Watch Tower
12:46 Watch Tower
13:32 Watch Tower
13:43 Watch Tower
13:46 Watch Tower
14:00 Watch Tower
14:03 Watch Tower
14:39 Watch Tower
14:40 Watch Tower
14:44 Watch Tower
14:46 Watch Tower
14:54 Watch Tower
14:56 Watch Tower
15:05 Watch Tower
15:08 Watch Tower
15:18 Watch Tower
16:30 Watch Tower
16:33 Watch Tower
16:35 Watch Tower
16:42 Watch Tower
16:44 Watch Tower
16:45 Watch Tower
16:54 Watch Tower
16:58 Watch Tower
16:59 Watch Tower
17:03 Watch Tower
17:07 Watch Tower
17:10 Watch Tower
17:11 Watch Tower
17:15 Watch Tower
17:16 Watch Tower
17:31 Watch Tower
17:34 Watch Tower
17:40 Watch Tower
17:52 Watch Tower
18:24 Watch Tower
18:25 Watch Tower
18:26 Watch Tower
18:27 Watch Tower
18:28 Watch Tower
19:04 Watch Tower
19:04 Watch Tower
19:05 Watch Tower
19:05 Watch Tower
19:06 Watch Tower
19:39 Watch Tower
19:43 Watch Tower
19:48 Watch Tower
19:53 Watch Tower
19:59 War Mill
20:20 Watch Tower
20:21 Watch Tower
20:24 Watch Tower
21:32 Watch Tower
21:33 Watch Tower
21:33 Watch Tower
21:34 Watch Tower
21:36 Watch Tower
21:37 Watch Tower
21:38 Watch Tower
21:39 Watch Tower
22:48 Watch Tower
22:49 Watch Tower
23:00 Watch Tower
23:03 Watch Tower
23:12 Watch Tower
23:13 Watch Tower
23:14 Watch Tower
23:16 Watch Tower
23:17 Watch Tower
23:17 Watch Tower
26:54 Watch Tower
26:56 Watch Tower
26:57 Watch Tower
26:58 Watch Tower
27:00 Watch Tower
27:01 Watch Tower
27:02 Watch Tower
Chat log
(00:18 / Allies) piarrrr: lol
(00:23 / Allies) piarrrr: unit?
(00:40 / Allies) piarrrr: ill knight i guess
(00:44 / Allies) asdfjk18: fiends
(00:49 / Allies) piarrrr: chim?
(05:38 / Allies) piarrrr: oj?
(10:47 / Allies) gtr43: yellow knight at purp expo
(11:08 / All) PeonVillage: Make Peon Village great again!
(13:03 / Allies) piarrrr: rdy to hit when u r
(13:25 / Allies) piarrrr: gold purp?
(14:07 / Allies) piarrrr: wanna hoit?
(14:58 / Allies) piarrrr: meet oj?
(15:36 / Allies) PeonVillage: fight at my toewrs
(15:45 / Allies) PeonVillage: fight at peon towers!
(16:18 / All) PeonVillage: MAKE PEON VILLAGE GREAT AGAIN
(16:26 / All) PeonVillage: BUILT A WALL, AND GONNA DEPORT YOUR ASS
(16:51 / All) PeonVillage: THE WALL JUST GOT 10 TOWERS DEEPER
(17:26 / All) asdfjk18: GG
(17:59 / All) iLOsEALOt.i60h3: i was afk
(18:13 / All) asdfjk18: we have a tower noob
(18:17 / All) asdfjk18: even?
(18:44 / All) Clown_Lotion: i told red to mass tanks
(18:48 / All) Clown_Lotion: he does that we win
(19:04 / All) asdfjk18: tanks might work
(19:10 / All) asdfjk18: since we have so many air
(19:20 / All) Clown_Lotion: bro i would rape your army and tanks would rape air
(19:34 / All) asdfjk18: you "would have done" that
(19:52 / All) asdfjk18: maybe next game
(20:40 / All) PeonVillage: MAKE PEON VILLAGE GREAT AGAIN
(20:47 / All) Clown_Lotion: oj let me rape purp then il leave
(21:04 / All) asdfjk18: come to the top
(21:30 / All) piarrrr: purp didny even need me
(21:40 / All) piarrrr: he has 4k gold
(21:43 / All) Clown_Lotion: yea he did
(21:57 / All) asdfjk18: LOL GG
(22:18 / All) PeonVillage: We need to ban all orc immigration
(22:32 / All) PeonVillage: until our village's representatives can figure out what's going on
(22:41 / All) PeonVillage: too many foreign orcs bring a strange voodoo religion
(23:02 / Allies) gtr43: need web purp come
(24:21 / All) PeonVillage: We these wyrms come back our peon towres are going to shoot them down so fast
(24:24 / All) PeonVillage: it'll make your head spin
(24:26 / All) PeonVillage: believe me
(24:53 / All) PeonVillage: Orange is a helluva guy, does a lot for the peon peoples
(25:09 / All) PeonVillage: Purple likes to bark like a dog
(25:16 / All) PeonVillage: and is bleeding out of her whatever
(25:27 / Allies) piarrrr: n yello does fuck all... -_-
(25:40 / Allies) PeonVillage: Don't be so hard on yourself
(25:50 / Allies) piarrrr: where r all my knigh fuck sak
(25:50 / Allies) PeonVillage: You're a terrific leader
(26:23 / All) PeonVillage: those foreign orcs aren't as great at making a wall
(27:27 / All) PeonVillage: We're gonna deport your ass so fast it'll make your head spin
(27:30 / All) PeonVillage: believe me